 Dungeon Crawl Stone Soup version 0.27.1-15-g792fb953b9 (webtiles) character file.

Game seed: 6445461819517529135

9869 Cykl0x the Fighter (level 11, -2/69 HPs)
             Began as a Gargoyle Fighter on Nov 19, 2021.
             Was a Priest of the Shining One.
             Slain by a death knight (18 damage)
             ... on level 10 of the Dungeon.
             The game lasted 00:21:02 (12987 turns).

Cykl0x the Fighter (Gargoyle Fighter)              Turns: 12987, Time: 00:21:03

Health: -2/69      AC: 23    Str: 23    XL:     11   Next: 53%
Magic:  16/16      EV:  9    Int: 11    God:    the Shining One [***...]
Gold:   846        SH: 23    Dex:  9    Spells: 10/10 levels left

rFire    . . .     SeeInvis .   A - +2 long sword (spect)
rCold    + . .     Faith    .   a - +2 tower shield
rNeg     + + .     Spirit   .   q - +3 ring mail "Cat Qiomm" {Int+2}
rPois    ∞         Reflect  +   (no helmet)
rElec    +         Harm     .   u - +1 cloak {rCorr}
rCorr    +         Rampage  .   f - +1 pair of gloves
Will     .....                  E - +0 pair of boots
Stlth    ..........             s - amulet of reflection
HPRegen  0.21/turn              k - ring of protection from cold
MPRegen  0.15/turn              C - ring of flight

@: about to teleport, flying, slowed, glowing, very slow
A: sickness immunity, AC +8, negative energy resistance 1, electricity
resistance, torment resistance 1, petrification resistance
a: Renounce Religion, Divine Shield


You were on level 10 of the Dungeon.
You worshipped the Shining One.
The Shining One was most pleased with you.
You visited 2 branches of the dungeon, and saw 11 of its levels.

You collected 846 gold pieces.

Inventory:

Hand Weapons
 m - a +5 short sword of venom
 A - a +2 spectral long sword (weapon)
Missiles
 d - 5 boomerangs
 e - 186 stones
 v - 23 poisoned darts (quivered)
Armour
 a - a +2 tower shield (worn)
 c - a +1 kite shield
 f - a +1 pair of gloves (worn)
 q - the +3 ring mail "Cat Qiomm" (worn) {Int+2}
   (You found it on level 5 of the Dungeon)

   Int:       It affects your intelligence (+2).
 u - a +1 cloak of preservation (worn)
 E - a +0 pair of boots (worn)
Jewellery
 k - a ring of protection from cold (left hand)
 s - an amulet of reflection (around neck)
 w - an amulet of the acrobat
 C - a ring of flight (right hand)
Wands
 y - a wand of flame (7)
Scrolls
 o - 2 scrolls of magic mapping
 r - 3 scrolls of fog
 t - a scroll of fear
 z - 2 scrolls of amnesia
Potions
 b - a potion of brilliance
 h - a potion of lignification
 i - 3 potions of degeneration {unknown}
 j - a potion of magic
 l - a potion of flight
 p - 2 potions of heal wounds {unknown}
 x - a potion of haste {unknown}
 B - a potion of resistance {unknown}


   Skills:
 + Level 8.5 Fighting
 + Level 7.7 Long Blades
 + Level 5.4 Throwing
 + Level 6.3 Armour
 + Level 5.4 Dodging
 + Level 8.2 Shields
 * Level 7.4 Invocations
 + Level 0.3 Evocations


You had 10 spell levels left.
You didn't know any spells.
Your spell library contained the following spells:

 Spells                   Type           Power      Damage    Failure   Level
 Animate Skeleton         Necr           0%         N/A       99%         1
 Apportation              Tloc           0%         N/A       99%         1
 Corona                   Hex            0%         N/A       99%         1
 Summon Small Mammal      Summ           0%         N/A       99%         1
 Blink                    Tloc           N/A        N/A       100%        2
 Dazzling Flash           Conj/Hex       0%         N/A       100%        3
 Lesser Beckoning         Tloc           0%         N/A       100%        3
 Iskenderun's Mystic Bla  Conj/Tloc      0%         2d3       100%        4
 Fireball                 Conj/Fire      0%         3d3       100%        5
 Manifold Assault         Tloc           0%         N/A       100%        5
 Starburst                Conj/Fire      0%         6d3       100%        6
 Ignition                 Fire           0%         3d3       100%        8


Dungeon Overview and Level Annotations

Branches:
Dungeon (10/15)            Temple (1/1) D:4            Lair (0/6) D:8
    Orc: D:9-12

Altars:
Ashenzari
Elyvilon
Fedhas
Gozag
Nemelex Xobeh
Okawaru
Qazlal
Ru
Sif Muna
Trog
Uskayaw
Vehumet
Wu Jian
Xom
Yredelemnul
Zin
The Shining One

Shops:
D:6 :


Innate Abilities, Weirdness & Mutations

You are immune to sickness and miasma.
Your stone body is resilient. (AC +8)
You are immune to poison.
You resist negative energy. (rN+)
You are resistant to electric shocks. (rElec)
You are resistant to unholy torment.
You are immune to petrification.


Message History

The centaur closely misses you.
You riposte.
Your shield prevents you from hitting the centaur.
The centaur is severely wounded.
Your +2 spectral long sword hits the centaur!
You kill the centaur!
The killer bee completely misses you.
You riposte.
You slash the killer bee!
You kill the killer bee!
The orc hits you from afar with a +0 trident.
* * * LOW HITPOINT WARNING * * *
You fly downwards.
Your summoned ally is left behind.
Your +2 spectral long sword fades away.
Reactivating autopickup.
The orc warrior shouts!
The orc priest shouts!
The orc shouts!
There is a stone staircase leading up here.
As you read the scroll of teleportation, it crumbles to dust.
You feel strangely unstable.
Your surroundings suddenly seem different.
A slime creature, an orc wizard, a death knight and a centaur come into view.
The death knight shouts!
The centaur shouts!
The orc wizard shouts!
The slime creature quivers.
You block the orc wizard's attack.
The centaur hits you but does no damage.
You block the centaur's attack.
The slime creature hits you but does no damage.
You block the centaur's attack.
The centaur kicks you but does no damage.
The slime creature hits you but does no damage.
As you read the scroll of teleportation, it crumbles to dust.
You feel strangely unstable. You block the centaur's attack. x3
The centaur closely misses you.
The slime creature hits you but does no damage.
You block the death knight's attack. The centaur barely misses you.
You riposte.
You slash the centaur!
The centaur is moderately wounded.
Your +2 spectral long sword hits the centaur!
You kill the centaur!
You reach down and open the door.
You block the slime creature's attack. You block the death knight's attack.
The death knight hits you with a +0 great sword!!
You die...

##+###
##....+#
##8.....#
#......#
##......#
#..pJo8#
+..@(#
###'##
(.# #($#
#.$# ####


You could see a death knight, a slime creature, an orc wizard and a friendly +2
spectral long sword (summoned).

Vanquished Creatures
  A two-headed ogre (D:7)
  3 death yaks (D:7)
  A shadow wraith (D:9)
  A deep elf archer (D:9)
  Pikel (D:5)
  Maggie (D:7)
  A komodo dragon (D:7)
  A troll (D:9)
  Grinder (D:6)
  Prince Ribbit (D:5)
  Sigmund (D:5)
  Eustachio (D:6)
  2 wyverns
  A steam dragon (D:6)
  A vampire mosquito (D:9)
  Duvessa (D:6)
  A water moccasin (D:7)
  A sky beast (D:4)
  3 orc warriors
  A black bear (D:6)
  2 necrophages (D:4)
  3 ogres
  3 centaurs
  3 kobold brigands
  2 bullfrogs
  A wyvern zombie (D:7)
  4 scorpions
  A gnoll sergeant (D:9)
  Dowan (D:6)
  A water moccasin zombie (D:5)
  7 killer bees
  5 wights
  5 howler monkeys
  A bullfrog zombie (D:6)
  3 centaur zombies
  3 orc priests (D:8)
  A hound (D:5)
  2 jellies
  Crazy Yiuf (D:5)
  2 centaur skeletons (D:7)
  2 gnoll shamans
  A bullfrog skeleton (D:6)
  7 iguanas
  6 orc wizards
  A hell rat (D:8)
  A hound skeleton (D:4)
  11 gnolls
  8 adders
  2 river rats (D:8)
  A shadow imp (D:6)
  A white imp (D:7)
  An ufetubus (D:4)
  2 worms (D:2)
  7 dart slugs
  14 orcs
  8 ball pythons
  8 endoplasms
  6 giant cockroaches
  8 hobgoblins
  7 jackals (D:2)
  14 kobolds
  5 quokkas
  3 bats (D:2)
  7 frilled lizards
  5 goblins
  6 rats
218 creatures vanquished.

Vanquished Creatures (others)
  A kobold brigand (D:9)
  5 plants (D:8)
6 creatures vanquished.

Grand Total: 224 creatures vanquished

Notes
Turn   | Place    | Note
-------+----------+-------------------------------------------
     0 | D:1      | Cykl0x the Gargoyle Fighter began the quest for the Orb.
     0 | D:1      | Reached XP level 1. HP: 14/14 MP: 1/1
   199 | D:1      | Reached XP level 2. HP: 19/19 MP: 2/2
   896 | D:1      | Reached XP level 3. HP: 24/24 MP: 3/3
  1612 | D:2      | Reached skill level 1 in Throwing
  1612 | D:2      | Reached XP level 4. HP: 13/29 MP: 4/4
  2269 | D:2      | Reached skill level 1 in Dodging
  2637 | D:3      | Noticed a scorpion
  2652 | D:3      | Killed a scorpion
  2653 | D:3      | Reached XP level 5. HP: 8/33 MP: 5/5
  3547 | D:3      | Found a faded altar of an unknown god.
  3815 | D:4      | Found a staircase to the Ecumenical Temple.
  3844 | Temple   | Entered the Ecumenical Temple
  3868 | Temple   | Became a worshipper of the Shining One
  3914 | D:4      | Reached XP level 6. HP: 38/38 MP: 6/6
  4501 | D:4      | Noticed a necrophage
  4531 | D:4      | Killed a necrophage
  4641 | D:4      | Noticed a sky beast
  4650 | D:4      | Reached skill level 1 in Invocations
  4650 | D:4      | Reached XP level 7. HP: 40/44 MP: 7/7
  5232 | D:5      | Entered Level 5 of the Dungeon
  5238 | D:5      | Identified the +3 ring mail "Cat Qiomm" {Int+2}
  5457 | D:5      | Reached XP level 8. HP: 48/48 MP: 9/9
  5564 | D:5      | Reached skill level 5 in Fighting
  5794 | D:5      | Found an opulent altar of Gozag.
  5935 | D:5      | Found a runed translucent door.
  5936 | D:5      | Noticed Crazy Yiuf
  6002 | D:5      | Killed Crazy Yiuf
  6180 | D:6      | Noticed Duvessa
  6435 | D:6      | Noticed Dowan
  6564 | D:6      | Reached * piety under the Shining One
  6565 | D:6      | Noticed Grinder
  6581 | D:6      | Noticed Sigmund
  6585 | D:6      | Noticed Prince Ribbit
  6828 | D:6      | Noticed Pikel
  6860 | D:5      | Killed Pikel
  6861 | D:5      | Reached skill level 5 in Long Blades
  6861 | D:5      | Reached skill level 5 in Shields
  6861 | D:5      | Reached XP level 9. HP: 32/55 MP: 11/11
  7514 | D:5      | Killed Prince Ribbit
  7515 | D:5      | Reached skill level 5 in Armour
  7731 | D:6      | Noticed Eustachio
  7782 | D:5      | Killed Sigmund
  7808 | D:6      | Killed Eustachio
  8270 | D:6      | Killed Duvessa
  8277 | D:6      | Killed Dowan
  8566 | D:6      | Found Bufrank's Book Boutique.
  8855 | D:6      | Paralysed by Grinder for 4 turns
  8874 | D:6      | Killed Grinder
  8914 | D:7      | Reached skill level 5 in Invocations
  9284 | D:7      | Identified the +9 mace of Evvin {spect, rElec Str-3 Int+5
                  | Stlth+}
  9292 | D:7      | Reached XP level 10. HP: 51/63 MP: 13/13
  9687 | D:8      | Noticed Maggie
  9995 | D:7      | Killed Maggie
 10744 | D:8      | Noticed a two-headed ogre
 10746 | D:8      | Reached ** piety under the Shining One
 10767 | D:7      | Killed a two-headed ogre
 11061 | D:8      | Noticed a death yak
 11061 | D:8      | Noticed a death yak
 11065 | D:8      | Noticed a death yak
 11282 | D:7      | Killed a death yak
 11926 | D:7      | Killed a death yak
 11927 | D:7      | Reached skill level 5 in Dodging
 11927 | D:7      | Reached XP level 11. HP: 51/68 MP: 14/16
 12026 | D:7      | Killed a death yak
 12027 | D:7      | Reached skill level 5 in Throwing
 12272 | D:8      | Found a staircase to the Lair.
 12916 | D:9      | Noticed a deep elf archer
 12916 | D:9      | Reached *** piety under the Shining One
 12921 | D:9      | Noticed a shadow wraith
 12937 | D:9      | Killed a shadow wraith
 12971 | D:9      | Killed a deep elf archer
 12979 | D:9      | Noticed a two-headed ogre
 12982 | D:10     | Entered Level 10 of the Dungeon
 12984 | D:10     | Noticed a death knight
 12987 | D:10     | Slain by a death knight

Illustrated notes

Levels and vault maps discovered:
D:1:      amcnicky_arrival_double_pillar, layout_basic,
          minmay_misc_feat_columns, minmay_pentomino_x2
D:2:      layout_loops_cross, roderic_filled_cross, minmay_door_square
D:3:      layout_rooms, ebering_ecumenical_altar_hall
D:4:      minmay_polygon_palace, layout_rooms, minmay_temple_entry_trees,
          roderic_serpentine_path
D:5:      layout_rooms, kennysheep_mini_moat, minmay_crystal_water,
          uniq_crazy_yiuf_cottage
D:6:      layout_basic, serial_shops, shop, uniq_sigmund, uniq_grinder,
          uniq_prince_ribbit1, uniq_eustachio, uniq_pikel, uniq_duvessa
D:7:      layout_basic
D:8:      layout_cave_pools, dpeg_lair_monsters, minmay_holes,
          minmay_lizard_king, uniq_maggie
D:9:      minmay_the_grid_net [minmay_the_grid_minigrid_large,
          minmay_the_grid_stretched_grid, minmay_the_grid_spin_star,
          minmay_the_grid_minigrid_small, minmay_the_grid_mess,
          minmay_the_grid_prize_diamond_cup], layout_cave_pools, orc_0_dummy
D:10:     cheibrodos_histonic, layout_long_grid, uniq_grum
Temple:   grunt_wide_crystal_templ

Skill      XL: |  1  2  3  4  5  6  7  8  9 10 11 |
---------------+----------------------------------+-----
Long Blades    | 2 3 4 5 6 7 |  7.7
Throwing       | 1 2 3 4 5 |  5.4
Dodging        | 1 2 3 4 5 |  5.4
Fighting       | 4 6 7 8 |  8.5
Armour         | 4 5 6 |  6.3
Shields        | 4 5 7 8 |  8.2
Invocations    | 1 2 3 5 6 7 |  7.4
Evocations     | |  0.3

Action                   |  1- 3 |  4- 6 |  7- 9 | 10-12 || total
-------------------------+-------+-------+-------+-------++-------
Melee: Long sword        |   123 |   148 |   246 |   347 ||   864
Throw: Stone             |    26 |    22 |       |       ||    48
       Boomerang         |       |    31 |    78 |    25 ||   134
       Dart              |       |       |    11 |    59 ||    70
Invok: Divine Shield     |       |       |       |     1 ||     1
Evoke: Wand              |       |     2 |     6 |       ||     8
  Use: Scroll            |     1 |     5 |     7 |     7 ||    20
       Potion            |       |     1 |       |     4 ||     5
Armor: Scale mail        |    60 |    90 |    27 |       ||   177
       Ring mail         |       |       |   130 |   161 ||   291
Dodge: Dodged            |    47 |    56 |   142 |   121 ||   366
Block: Kite shield       |    68 |    97 |   177 |   235 ||   577
       Tower shield      |       |       |       |   241 ||   241
       Reflection        |       |       |       |    15 ||    15
       Rpst.: Long sword |    16 |    15 |    28 |    45 ||   104
